[ AOE2 MATCH · #495983699 ]
UnrankedMaya vs Wei
Player's team · LOSS
Rival team · WIN
[ REPLAY ANALYSIS · EXTRACTED FROM THE RECORDED GAME ]
Feudal
11:26
Castle
14:56
Imperial
—
| APM avg | 90.4 |
| APM peak | 205 |
| eAPM avg | 55.8 |
| Villagers / military | 114 / 80 |
Focus
⚔️ 69.0% · 🌾 31.0%
Archer ×70 · Spearman ×10
Feudal
8:51
Castle
28:02
Imperial
—
| APM avg | 79.2 |
| APM peak | 123 |
| eAPM avg | 29.2 |
| Villagers / military | 108 / 50 |
Focus
⚔️ 34.0% · 🌾 66.0%
Scout Cavalry ×47 · Unknown (1944) ×7 · Unknown (1949) ×6 · Mangonel ×3
Match map
Initial resources + every placement click. Lines = walls · curves = elevation contours. ◆ gold · ⬟ stone · ● berries · ✦ relic · ◌ wall gap
Your base· Open — unwalled flank
OS+ | Sziky's base· ✓ Closed at 28:02 · 45t walls · 1 gate(s)
Smoothed initial terrain · ◌ = detected wall gap · hover for details
Inputs per minute
— John II - - OS+ | Sziky
Build order — John II
First 150 of 305 actions detected
| 0:01 | Research | Loom |
| 0:02 | Build | House |
| 0:02 | Build | House |
| 0:06 | Create | Villager (Male) |
| 0:06 | Create | Villager (Male) |
| 0:06 | Create | Villager (Male) |
| 1:23 | Create | Villager (Male) |
| 1:23 | Create | Villager (Male) |
| 1:48 | Create | Villager (Male) |
| 1:49 | Create | Villager (Male) |
| 1:49 | Create | Villager (Male) |
| 2:14 | Create | Villager (Male) |
| 2:14 | Create | Villager (Male) |
| 2:14 | Create | Villager (Male) |
| 2:32 | Create | Villager (Male) |
| 2:33 | Create | Villager (Male) |
| 3:03 | Build | Lumber Camp |
| 3:04 | Create | Villager (Male) |
| 3:05 | Create | Villager (Male) |
| 3:05 | Create | Villager (Male) |
| 3:17 | Create | Villager (Male) |
| 3:17 | Create | Villager (Male) |
| 3:17 | Create | Villager (Male) |
| 3:28 | Build | House |
| 3:45 | Create | Villager (Male) |
| 4:12 | Create | Villager (Male) |
| 4:12 | Create | Villager (Male) |
| 4:15 | Create | Villager (Male) |
| 4:15 | Create | Villager (Male) |
| 4:15 | Create | Villager (Male) |
| 4:30 | Create | Villager (Male) |
| 4:31 | Create | Villager (Male) |
| 5:06 | Build | House |
| 5:37 | Build | Mill |
| 5:49 | Create | Villager (Male) |
| 5:50 | Create | Villager (Male) |
| 6:05 | Create | Villager (Male) |
| 6:48 | Create | Villager (Male) |
| 7:11 | Create | Villager (Male) |
| 7:15 | Build | Barracks |
| 7:31 | Build | House |
| 7:32 | Build | Palisade Wall |
| 7:49 | Create | Villager (Male) |
| 7:59 | Build | Palisade Wall |
| 8:05 | Create | Villager (Male) |
| 8:28 | Build | Palisade Wall |
| 8:43 | Create | Villager (Male) |
| 8:56 | Build | Mining Camp |
| 9:08 | Build | Palisade Wall |
| 9:09 | Build | Palisade Wall |
| 9:09 | Build | Palisade Wall |
| 9:14 | Build | Palisade Wall |
| 9:16 | Research | Feudal Age |
| 9:16 | Research | Feudal Age |
| 9:29 | Build | Palisade Wall |
| 9:30 | Build | Palisade Wall |
| 9:31 | Build | Palisade Wall |
| 9:32 | Build | Palisade Wall |
| 11:04 | Create | Villager (Male) |
| 11:05 | Create | Villager (Male) |
| 11:26 | Age | Feudal Age |
| 11:30 | Build | Archery Range |
| 11:34 | Build | Blacksmith |
| 11:52 | Create | Spearman |
| 12:14 | Research | Castle Age |
| 12:14 | Research | Castle Age |
| 12:14 | Research | Castle Age |
| 12:38 | Build | Palisade Wall |
| 12:40 | Create | Archer |
| 12:54 | Build | Farm |
| 12:55 | Build | Farm |
| 12:58 | Build | Farm |
| 12:59 | Create | Archer |
| 13:03 | Build | House |
| 13:04 | Build | House |
| 13:20 | Build | House |
| 13:21 | Build | House |
| 13:36 | Create | Villager (Male) |
| 13:47 | Build | Farm |
| 13:50 | Create | Archer |
| 13:51 | Research | Fletching |
| 13:52 | Research | Fletching |
| 14:16 | Build | Archery Range |
| 14:33 | Build | Archery Range |
| 14:37 | Create | Villager (Male) |
| 14:48 | Create | Archer |
| 14:56 | Age | Castle Age |
| 14:58 | Build | Archery Range |
| 15:16 | Create | Archer |
| 15:29 | Build | Farm |
| 15:51 | Build | Palisade Wall |
| 15:52 | Build | Palisade Wall |
| 15:53 | Build | Palisade Wall |
| 15:55 | Build | Palisade Wall |
| 15:58 | Build | Palisade Wall |
| 16:00 | Build | Palisade Wall |
| 16:05 | Create | Villager (Male) |
| 16:07 | Create | Villager (Male) |
| 16:10 | Build | Palisade Wall |
| 16:12 | Build | Palisade Wall |
| 16:13 | Build | Palisade Wall |
| 16:16 | Build | Palisade Wall |
| 16:17 | Build | Palisade Wall |
| 16:19 | Build | Palisade Wall |
| 16:25 | Create | Villager (Male) |
| 16:28 | Create | Archer |
| 16:28 | Create | Archer |
| 16:31 | Build | Farm |
| 16:33 | Build | Farm |
| 16:35 | Build | Farm |
| 16:42 | Create | Archer |
| 16:42 | Create | Archer |
| 16:42 | Create | Archer |
| 16:59 | Build | Palisade Wall |
| 17:00 | Build | Palisade Wall |
| 17:04 | Create | Archer |
| 17:04 | Create | Archer |
| 17:13 | Create | Villager (Male) |
| 17:15 | Create | Archer |
| 17:15 | Create | Archer |
| 17:25 | Build | Farm |
| 17:29 | Build | Farm |
| 17:43 | Build | Farm |
| 17:51 | Create | Villager (Male) |
| 17:54 | Build | Farm |
| 18:00 | Create | Archer |
| 18:00 | Create | Archer |
| 18:09 | Create | Villager (Male) |
| 18:16 | Build | Farm |
| 18:34 | Create | Villager (Male) |
| 18:57 | Create | Villager (Male) |
| 19:11 | Research | Bodkin Arrow |
| 19:11 | Research | Bodkin Arrow |
| 19:11 | Research | Bodkin Arrow |
| 19:13 | Create | Archer |
| 19:13 | Create | Archer |
| 19:24 | Build | Farm |
| 19:24 | Build | Farm |
| 19:27 | Build | House |
| 19:51 | Create | Villager (Male) |
| 20:00 | Create | Archer |
| 20:00 | Create | Archer |
| 20:03 | Build | Palisade Wall |
| 20:04 | Build | Palisade Wall |
| 20:12 | Create | Villager (Male) |
| 20:28 | Create | Archer |
| 20:29 | Create | Archer |
| 20:39 | Create | Villager (Male) |
| 20:48 | Create | Archer |
| 20:49 | Create | Archer |
Build order — OS+ | Sziky
First 150 of 303 actions detected
| 0:01 | Create | Villager (Male) |
| 0:02 | Build | House |
| 0:03 | Build | House |
| 0:05 | Create | Villager (Male) |
| 0:25 | Create | Villager (Male) |
| 0:59 | Create | Villager (Male) |
| 1:31 | Create | Villager (Male) |
| 1:51 | Create | Villager (Male) |
| 1:53 | Build | Mill |
| 2:21 | Create | Villager (Male) |
| 2:50 | Create | Villager (Male) |
| 3:10 | Create | Villager (Male) |
| 3:32 | Create | Villager (Male) |
| 3:41 | Create | Villager (Male) |
| 3:48 | Build | House |
| 3:48 | Build | House |
| 3:53 | Create | Villager (Male) |
| 4:35 | Create | Villager (Male) |
| 4:54 | Create | Villager (Male) |
| 4:55 | Create | Villager (Male) |
| 4:56 | Research | Loom |
| 5:27 | Build | Lumber Camp |
| 6:33 | Research | Feudal Age |
| 7:06 | Create | Villager (Male) |
| 7:39 | Build | Barracks |
| 7:58 | Create | Villager (Male) |
| 8:24 | Build | House |
| 8:51 | Age | Feudal Age |
| 8:53 | Build | Stable |
| 8:58 | Create | Villager (Male) |
| 9:04 | Build | Palisade Wall |
| 9:15 | Research | Double-Bit Axe |
| 9:15 | Research | Double-Bit Axe |
| 9:33 | Create | Scout Cavalry |
| 9:40 | Research | Horse Collar |
| 9:44 | Build | House |
| 9:48 | Create | Scout Cavalry |
| 9:52 | Create | Villager (Male) |
| 10:05 | Create | Villager (Male) |
| 10:20 | Create | Villager (Male) |
| 10:26 | Build | Mill |
| 10:31 | Build | House |
| 10:43 | Create | Villager (Male) |
| 10:55 | Build | Farm |
| 10:57 | Build | Farm |
| 10:57 | Create | Villager (Male) |
| 11:02 | Build | House |
| 11:12 | Create | Scout Cavalry |
| 11:15 | Create | Villager (Male) |
| 11:20 | Build | Palisade Wall |
| 11:25 | Build | Palisade Wall |
| 11:27 | Build | Palisade Wall |
| 11:30 | Create | Villager (Male) |
| 11:38 | Build | Watch Tower |
| 11:40 | Build | House |
| 11:48 | Create | Villager (Male) |
| 11:57 | Create | Villager (Male) |
| 11:59 | Build | Farm |
| 12:05 | Build | Farm |
| 12:10 | Build | Palisade Wall |
| 12:17 | Build | Palisade Wall |
| 12:22 | Create | Scout Cavalry |
| 12:28 | Create | Villager (Male) |
| 12:29 | Build | Farm |
| 12:39 | Build | Farm |
| 12:48 | Create | Scout Cavalry |
| 12:50 | Create | Villager (Male) |
| 12:52 | Build | Palisade Wall |
| 12:56 | Build | Palisade Wall |
| 12:59 | Create | Villager (Male) |
| 13:32 | Create | Scout Cavalry |
| 13:39 | Create | Villager (Male) |
| 13:41 | Build | Blacksmith |
| 13:53 | Create | Villager (Male) |
| 13:59 | Build | Farm |
| 14:00 | Build | Farm |
| 14:09 | Create | Scout Cavalry |
| 14:15 | Create | Villager (Male) |
| 14:25 | Create | Villager (Male) |
| 14:36 | Build | House |
| 14:36 | Build | Palisade Wall |
| 14:40 | Build | Palisade Wall |
| 14:42 | Create | Villager (Male) |
| 14:52 | Research | Scale Barding Armor |
| 14:58 | Build | Farm |
| 15:04 | Create | Villager (Male) |
| 15:10 | Build | House |
| 15:15 | Build | Stable |
| 15:17 | Build | Farm |
| 15:27 | Build | Farm |
| 15:30 | Create | Villager (Male) |
| 15:36 | Create | Villager (Male) |
| 15:59 | Build | Mining Camp |
| 16:18 | Create | Scout Cavalry |
| 16:22 | Build | Farm |
| 16:24 | Build | Farm |
| 16:27 | Create | Villager (Male) |
| 16:37 | Create | Scout Cavalry |
| 16:37 | Create | Scout Cavalry |
| 16:42 | Build | Mining Camp |
| 16:57 | Create | Villager (Male) |
| 16:58 | Create | Scout Cavalry |
| 16:58 | Create | Scout Cavalry |
| 17:11 | Create | Scout Cavalry |
| 17:21 | Build | Farm |
| 17:21 | Create | Villager (Male) |
| 17:23 | Build | Farm |
| 17:32 | Create | Villager (Male) |
| 17:42 | Create | Scout Cavalry |
| 17:47 | Create | Villager (Male) |
| 18:02 | Build | Lumber Camp |
| 18:02 | Create | Villager (Male) |
| 18:12 | Research | Bloodlines |
| 18:17 | Create | Villager (Male) |
| 18:21 | Build | Watch Tower |
| 18:24 | Create | Villager (Male) |
| 18:38 | Create | Villager (Male) |
| 18:52 | Create | Villager (Male) |
| 19:03 | Research | Fletching |
| 19:03 | Research | Fletching |
| 19:18 | Create | Villager (Male) |
| 19:23 | Create | Villager (Male) |
| 19:27 | Build | House |
| 19:33 | Build | Farm |
| 19:34 | Build | Farm |
| 19:34 | Build | Farm |
| 19:35 | Build | Farm |
| 19:45 | Create | Villager (Male) |
| 19:48 | Create | Villager (Male) |
| 19:56 | Create | Villager (Male) |
| 20:05 | Build | Farm |
| 20:13 | Create | Villager (Male) |
| 20:16 | Build | Farm |
| 20:18 | Build | Farm |
| 20:20 | Build | Farm |
| 20:29 | Research | Forging |
| 20:29 | Research | Forging |
| 20:32 | Create | Scout Cavalry |
| 20:32 | Create | Scout Cavalry |
| 20:46 | Create | Villager (Male) |
| 20:54 | Create | Villager (Male) |
| 20:58 | Build | Farm |
| 20:59 | Build | Farm |
| 20:59 | Create | Villager (Male) |
| 21:01 | Build | Lumber Camp |
| 21:15 | Create | Scout Cavalry |
| 21:24 | Build | Watch Tower |
| 21:25 | Create | Villager (Male) |
| 21:30 | Create | Scout Cavalry |
| 21:41 | Create | Villager (Male) |
Match timeline
| 7:15 | John II · first_building Barracks |
| 7:32 | John II · wall_segment Palisade Wall x6 |
| 7:39 | OS+ | Sziky · first_building Barracks |
| 7:59 | John II · wall_segment Palisade Wall x7 |
| 8:28 | John II · wall_segment Palisade Wall x1 |
| 8:51 | OS+ | Sziky · age_up feudal |
| 8:53 | OS+ | Sziky · first_building Stable |
| 9:04 | OS+ | Sziky · wall_segment Palisade Wall x1 |
| 9:08 | John II · wall_segment Palisade Wall x1 |
| 9:09 | John II · wall_segment Palisade Wall x1 |
| 9:09 | John II · wall_segment Palisade Wall x1 |
| 9:14 | John II · wall_segment Palisade Wall x6 |
| 9:29 | John II · wall_segment Palisade Wall x1 |
| 9:30 | John II · wall_segment Palisade Wall x1 |
| 9:31 | John II · wall_segment Palisade Wall x1 |
| 9:32 | John II · wall_segment Palisade Wall x1 |
| 11:20 | OS+ | Sziky · wall_segment Palisade Wall x5 |
| 11:25 | OS+ | Sziky · wall_segment Palisade Wall x1 |
| 11:26 | John II · age_up feudal |
| 11:27 | OS+ | Sziky · wall_segment Palisade Wall x1 |
| 11:30 | John II · first_building Archery Range |
| 12:10 | OS+ | Sziky · wall_segment Palisade Wall x6 |
| 12:17 | OS+ | Sziky · wall_segment Palisade Wall x5 |
| 12:38 | John II · wall_segment Palisade Wall x1 |
| 12:52 | OS+ | Sziky · wall_segment Palisade Wall x7 |
| 12:56 | OS+ | Sziky · wall_segment Palisade Wall x10 |
| 14:36 | OS+ | Sziky · wall_segment Palisade Wall x4 |
| 14:40 | OS+ | Sziky · wall_segment Palisade Wall x4 |
| 14:56 | John II · age_up castle |
| 15:51 | John II · wall_segment Palisade Wall x1 |
| 15:52 | John II · wall_segment Palisade Wall x1 |
| 15:53 | John II · wall_segment Palisade Wall x1 |
| 15:55 | John II · wall_segment Palisade Wall x1 |
| 15:58 | John II · wall_segment Palisade Wall x1 |
| 16:00 | John II · wall_segment Palisade Wall x1 |
| 16:10 | John II · wall_segment Palisade Wall x1 |
| 16:12 | John II · wall_segment Palisade Wall x1 |
| 16:13 | John II · wall_segment Palisade Wall x1 |
| 16:16 | John II · wall_segment Palisade Wall x1 |
| 16:17 | John II · wall_segment Palisade Wall x1 |
| 16:19 | John II · wall_segment Palisade Wall x1 |
| 16:59 | John II · wall_segment Palisade Wall x1 |
| 17:00 | John II · wall_segment Palisade Wall x1 |
| 20:03 | John II · wall_segment Palisade Wall x1 |
| 20:04 | John II · wall_segment Palisade Wall x1 |
| 23:15 | OS+ | Sziky · wall_segment Palisade Wall x1 |
| 23:16 | OS+ | Sziky · wall_segment Palisade Wall x1 |
| 23:18 | John II · wall_segment Palisade Wall x1 |
| 23:19 | John II · wall_segment Palisade Wall x1 |
| 23:20 | John II · wall_segment Palisade Wall x1 |
| 23:26 | John II · wall_segment Palisade Wall x1 |
| 24:44 | John II · wall_segment Palisade Wall x1 |
| 25:00 | OS+ | Sziky · first_market_buy 100 food |
| 25:09 | OS+ | Sziky · first_market_sell 100 wood |
| 26:57 | John II · wall_segment Palisade Wall x1 |
| 28:02 | OS+ | Sziky · age_up castle |
| 28:37 | OS+ | Sziky · first_building Siege Workshop |
| 30:56 | OS+ | Sziky · first_building Castle |
| 33:49 | John II · resign |
[ AI ANALYSIS · 1 CREDIT ]
What really happened in this match?
Wolo.gg analyzes every decision: build order, eco, micro, common mistakes by bracket. Personalized analysis on WhatsApp or Discord in 30 seconds.
Civ guide
Maya
Perfil
Jugador #5205268